 Dungeon Crawl Stone Soup version 0.30.1-9-gdf580d7c3d (webtiles) character file.

Game seed: 2982103369172554663

2297490 monsoonserge the Minotaur Barricade (level 27, 273/273 HPs)
             Began as a Minotaur Berserker on Oct 12, 2023.
             Was a High Priest of Trog.
             Escaped with the Orb
             ... and 4 runes on Oct 13, 2023!
             The game lasted 05:09:53 (72712 turns).

monsoonserge the Minotaur Barricade (MiBe)         Turns: 72712, Time: 05:09:54

Health: 273/273    AC: 43    Str: 38    XL:     27
Magic:  19/19      EV: 31    Int:  6    God:    Trog [*****.]
Gold:   6366       SH: 27    Dex: 24    Spells: 26/26 levels left

rFire   + + +        S - +10 war axe of Elaotusei {flame, rF- rN+ Str+2}
rCold   + + +        y - +2 shield of Resistance {rF++ rC++ Will++}
rNeg    + + .        R - +12 gold dragon scales
rPois   +            j - -2 hat of the Alchemist {rElec rPois rF+ rC+ rN+ Will+ rMut rCorr}
rElec   +            P - scarf {+Inv}
rCorr   +            m - +0 pair of fencer's gloves {Riposte Dex+3}
SInv    .            z - +2 pair of slick slippers {slick, slippery, EV+4}
Will    +++++        A - amulet of reflection Stlth
                     n - ring "Demaluu" {Drain rCorr Str+3 Int+4 Dex+6}
HPRegen 0.65/turn    T - +4 ring of protection
MPRegen 0.16/turn

%: reflection, resist mutation
@: studying 2 skills
A: horns 2, retaliatory headbutt, thin skeletal structure 1, dopey 1, low MP 1,
sense surroundings 1, inability to drink after injury 2
0: Orb of Zot
}: 4/15 runes: decaying, silver, abyssal, gossamer
a: Renounce Religion, Evoke Invisibility, Berserk, Trog's Hand, Brothers in Arms


You escaped.
You worshipped Trog.
Trog was extremely pleased with you.
You visited 14 branches of the dungeon, and saw 56 of its levels.
You visited the Abyss 1 time.
You also visited: Bailey, Gauntlet, Ice Cave and Wizlab.

You collected 8617 gold pieces.
You spent 2251 gold pieces at shops.

Inventory:

Hand Weapons
 S - the +10 war axe of Elaotusei (weapon) {flame, rF- rN+ Str+2}
   (Trog gifted it to you on level 14 of the Dungeon)

   Str:       It affects your strength (+2).
   rF:        It makes you vulnerable to fire.
   rN:        It protects you from negative energy.
Missiles
 g - 11 silver boomerangs
 o - 18 atropa-tipped darts
 s - 7 javelins (quivered)
 x - 13 datura-tipped darts
 B - 5 silver javelins
 U - 21 curare-tipped darts
 Y - 3 throwing nets
Armour
 j - the -2 hat of the Alchemist (worn) {rElec rPois rF+ rC+ rN+ Will+ rMut rCorr}
   (You acquired it on level 1 of the Orcish Mines)

   rF:        It protects you from fire.
   rC:        It protects you from cold.
   rElec:     It insulates you from electricity.
   rPois:     It protects you from poison.
   rN:        It protects you from negative energy.
   rCorr:     It protects you from acid and corrosion.
   rMut:      It protects you from mutation.
   Will:      It increases your willpower.
 m - the +0 pair of fencer's gloves (worn) {Riposte Dex+3}
   (You bought it in a shop on level 2 of the Orcish Mines)

   Riposte:   It allows the wearer to riposte with melee weapons, swiftly
   retaliating against missed or blocked melee attacks.
   Dex:       It affects your dexterity (+3).
 v - a +0 cloak of preservation
 y - the +2 shield of Resistance (worn) {rF++ rC++ Will++}
   (You found it on level 12 of the Dungeon)

   rF:        It greatly protects you from fire.
   rC:        It greatly protects you from cold.
   Will:      It greatly increases your willpower.
 z - the +2 pair of slick slippers (worn) {slick, slippery, EV+4}
   (You found it on level 4 of the Spider Nest)

   Slick:     Its wearer cannot be constricted, engulfed, netted or webbed.
   Slippery:  Its wearer slips away from damaging melee attacks, pulling the
   attacker onward.
   EV:        It affects your evasion (+4).
 P - a scarf of invisibility (worn)
 R - +12 gold dragon scales (worn)
Jewellery
 n - the ring "Demaluu" (left hand) {Drain rCorr Str+3 Int+4 Dex+6}
   (You found it in a Gauntlet)

   [ring of dexterity]

   Str:       It affects your strength (+3).
   Int:       It affects your intelligence (+4).
   Dex:       It affects your dexterity (+6).
   rCorr:     It protects you from acid and corrosion.
   Drain:     It drains your maximum health when unequipped.
 A - an amulet of reflection (around neck)
 T - a +4 ring of protection (right hand)
Wands
 k - a wand of charming (89)
 E - a wand of mindburst (47)
 I - a wand of quicksilver (47)
 O - a wand of roots (52)
 W - a wand of digging (33)
 Z - a wand of polymorph (21)
Scrolls
 c - 8 scrolls of enchant weapon
 e - 11 scrolls of magic mapping
 f - 30 scrolls of teleportation
 p - 11 scrolls of poison
 t - 10 scrolls of fear
 u - 11 scrolls of blinking
 D - 6 scrolls of butterflies
 G - 11 scrolls of enchant armour
 L - 13 scrolls of torment
 M - 7 scrolls of fog
 N - 4 scrolls of silence
 Q - 5 scrolls of brand weapon
 V - 7 scrolls of immolation
Potions
 a - 5 potions of cancellation
 b - 3 potions of mutation
 h - 6 potions of might
 i - 11 potions of flight
 q - 3 potions of invisibility
 r - 10 potions of ambrosia
 w - 23 potions of curing
 H - 24 potions of heal wounds
 J - 9 potions of haste
 K - 5 potions of resistance
 X - 7 potions of attraction
Miscellaneous
 d - a phantom mirror
 l - a lightning rod (4/4)
 C - the horn of Geryon
 F - a tin of tremorstones (inert)


   Skills:
 O Level 27 Fighting
 - Level 21.0 Axes
 + Level 6.2 Throwing
 + Level 23.8 Armour
 + Level 26.6 Dodging
 + Level 14.3 Stealth
 O Level 27 Shields
 * Level 19.7 Evocations


You had 26 spell levels left.
You didn't know any spells.
Your spell library contained the following spells:

 Spells                   Type           Power      Damage    Failure   Level
 Apportation              Tloc           0%         N/A       94%         1
 Beastly Appendage        Tmut           0%         N/A       94%         1
 Kiss of Death            Conj/Necr      0%         2d5       94%         1
 Magic Dart               Conj           0%         1d3       94%         1
 Necrotise                Necr           0%         1d4       94%         1
 Sandblast                Erth           0%         2d4       94%         1
 Sting                    Tmut/Pois      0%         1d3       94%         1
 Summon Small Mammal      Summ           0%         N/A       94%         1
 Blink                    Tloc           0%         N/A       98%         2
 Call Imp                 Summ           0%         N/A       98%         2
 Cigotuvi's Dreadful Rot  Necr/Pois/Air  0%         N/A       98%         2
 Ensorcelled Hibernation  Hex/Ice        0%         N/A       98%         2
 Lesser Beckoning         Tloc           0%         N/A       98%         2
 Momentum Strike          Conj/Tloc      0%         3d8       98%         2
 Passwall                 Tmut/Erth      0%         N/A       98%         2
 Poisonous Vapours        Pois/Air       0%         N/A       98%         2
 Searing Ray              Conj           0%         2d4       98%         2
 Static Discharge         Conj/Air       0%         2-2/arc   98%         2
 Wereblood                Tmut           0%         N/A       98%         2
 Call Canine Familiar     Summ           0%         N/A       100%        3
 Dazzling Flash           Conj/Hex       0%         N/A       100%        3
 Hailstorm                Conj/Ice       0%         3d3       100%        3
 Ignite Poison            Fire/Tmut/Pois 0%         N/A       100%        3
 Mephitic Cloud           Conj/Pois/Air  0%         N/A       100%        3
 Ozocubu's Armour         Ice            0%         N/A       100%        3
 Portal Projectile        Hex/Tloc       0%         N/A       100%        3
 Spider Form              Tmut/Pois      0%         N/A       100%        3
 Stone Arrow              Conj/Erth      0%         3d7       100%        3
 Summon Guardian Golem    Hex/Summ       0%         N/A       100%        3
 Swiftness                Air            0%         N/A       100%        3
 Tukima's Dance           Hex            0%         N/A       100%        3
 Vhi's Electric Charge    Tloc/Air       0%         N/A       100%        3
 Volatile Blastmotes      Fire/Tloc      0%         2d10      100%        3
 Airstrike                Air            0%         2d(0-16)  100%        4
 Anguish                  Hex/Necr       0%         N/A       100%        4
 Animate Armour           Summ/Erth      0%         N/A       100%        4
 Cause Fear               Hex            0%         N/A       100%        4
 Dispel Undead            Necr           0%         3d6       100%        4
 Flame Wave               Conj/Fire      0%         2d4       100%        4
 Fulminant Prism          Conj/Hex       0%         3d5       100%        4
 Ice Form                 Ice/Tmut       0%         N/A       100%        4
 Iskenderun's Mystic Bla  Conj/Tloc      0%         2d3       100%        4
 Leda's Liquefaction      Hex/Erth       0%         N/A       100%        4
 Olgreb's Toxic Radiance  Pois           0%         N/A       100%        4
 Passage of Golubria      Tloc           0%         N/A       100%        4
 Petrify                  Tmut/Erth      0%         N/A       100%        4
 Sticky Flame             Conj/Fire      0%         2d3       100%        4
 Summon Lightning Spire   Summ/Air       0%         N/A       100%        4
 Agony                    Necr           0%         N/A       100%        5
 Alistair's Intoxication  Tmut/Pois      0%         N/A       100%        5
 Arcjolt                  Conj/Air       0%         1d10      100%        5
 Blade Hands              Tmut           0%         N/A       100%        5
 Borgnjor's Vile Clutch   Necr/Erth      0%         N/A       100%        5
 Fireball                 Conj/Fire      0%         3d3       100%        5
 Freezing Cloud           Conj/Ice/Air   0%         6-21      100%        5
 Iskenderun's Battlesphe  Conj           0%         2d6       100%        5
 Lee's Rapid Deconstruct  Erth           0%         3d4*      100%        5
 Metabolic Englaciation   Hex/Ice        0%         N/A       100%        5
 Silence                  Hex/Air        0%         N/A       100%        5
 Summon Forest            Summ/Tloc      0%         N/A       100%        5
 Summon Mana Viper        Hex/Summ       0%         N/A       100%        5
 Conjure Ball Lightning   Conj/Air       0%         3x3d6     100%        6
 Death Channel            Necr           0%         N/A       100%        6
 Dispersal                Tloc           0%         N/A       100%        6
 Eringya's Noxious Bog    Tmut/Pois      0%         N/A       100%        6
 Iron Shot                Conj/Erth      0%         9d1       100%        6
 Plasma Beam              Fire/Air       0%         2x1d11    100%        6
 Simulacrum               Ice/Necr       0%         N/A       100%        6
 Starburst                Conj/Fire      0%         6d3       100%        6
 Statue Form              Tmut/Erth      0%         N/A       100%        6
 Summon Cactus Giant      Summ           0%         N/A       100%        6
 Dragon Form              Tmut           0%         N/A       100%        7
 Enfeeble                 Hex            0%         N/A       100%        7
 Malign Gateway           Summ/Tloc      0%         N/A       100%        7
 Orb of Destruction       Conj           0%         9d5       100%        7
 Summon Hydra             Summ           0%         N/A       100%        7
 Borgnjor's Revivificati  Necr           0%         N/A       100%        8
 Discord                  Hex            0%         N/A       100%        8
 Ignition                 Fire           0%         3d3       100%        8
 Infestation              Necr           0%         N/A       100%        8
 Lehudib's Crystal Spear  Conj/Erth      0%         10d2      100%        8
 Necromutation            Tmut/Necr      0%         N/A       100%        8
 Summon Horrible Things   Summ           0%         N/A       100%        8
 Chain Lightning          Conj/Air       0%         N/A       100%        9
 Death's Door             Necr           0%         N/A       100%        9
 Dragon's Call            Summ           0%         N/A       100%        9
 Fire Storm               Conj/Fire      0%         5d1       100%        9
 Shatter                  Erth           0%         3d5*      100%        9


Dungeon Overview and Level Annotations

Branches:
Dungeon (15/15)            Temple (1/1) D:6            Lair (5/5) D:10
  Swamp (4/4) Lair:2       Spider (4/4) Lair:2        Slime (3/5) Lair:4
    Orc (2/2) D:9             Elf (3/3) Orc:2        Vaults (5/5) D:14
  Crypt (3/3) Vaults:2       Tomb (1/3) Crypt:3      Depths (4/4) D:15
   Hell (visited)             Dis (0/7) Hell            Geh (0/7) Hell
    Coc (0/7) Hell            Tar (0/7) Hell            Zot (5/5) Depths:4
 Bailey (visited)           IceCv (visited)          WizLab (visited)
Gauntlet (visited)

Altars:
Ashenzari
Cheibriados
Dithmenos
Elyvilon
Fedhas
Gozag
Hepliaklqana
Kikubaaqudgha
Makhleb
Nemelex Xobeh
Okawaru
Qazlal
Ru
Sif Muna
Trog
Uskayaw
Vehumet
Wu Jian
Xom
Yredelemnul
Zin
The Shining One
Jiyva

Shops:
D:3 ?   D:5 ?(*!!   D:6 !   D:7 *   D:15 **   Orc:1 [   Orc:2 (:***[   Elf:1 (
Vaults:1 *   Vaults:3 :   Vaults:5 !!!=   Depths:3 [**

Portals:
Hell: Depths:1 Depths:2 Depths:3 Depths:4
Abyss: Lair:3 Depths:3 Depths:4
Pandemonium: Depths:2
Ziggurat: Depths:2

Annotations:
Zot:3 2 transporters, Alunk's ghost, legendary GnFi


Innate Abilities, Weirdness & Mutations

You have a pair of horns on your head.
You reflexively headbutt those who attack you in melee.
You have a somewhat thin skeletal structure. (Dex +2, Stealth+)
You are dopey. (Int -2)
Your magical capacity is low. (-10% MP)
You passively map a small area around you.
You sometimes lose the ability to drink potions when taking damage.


Message History

The blast of lightning engulfs Umaten!
Your deep troll bites Umaten!!
Your deep troll claws Umaten but does no damage. x2
Umaten completely misses your deep troll.
You catch the helpless Umaten completely off-guard!
You hit Umaten but do no damage.
Umaten is almost dead.
You feel sick.
Your deep troll bites Umaten but does no damage.
Your deep troll claws Umaten but does no damage.
Your deep troll claws Umaten.
Umaten hits your deep troll.
You hit Umaten. You burn Umaten. You headbutt Umaten, but do no damage.
Umaten is almost dead.
Your deep troll bites Umaten but does no damage.
Your deep troll closely misses Umaten.
Your deep troll claws Umaten!!
Umaten dies!
Trog accepts your kill.
Unknown command.
You feel sick.
You feel sick.
You feel sick.
You feel sick.
You are no longer poisoned.
Your deep troll rages.
Your deep troll rages.
Your deep troll rages.
A green death comes into view.
You barely miss the green death. Your headbutt misses the green death.
Unknown command.
You slice the green death!! You burn the green death!
You headbutt the green death!!
The green death is almost dead.
Your deep troll bites the green death!!
The green death dies!
Trog accepts your kill.
HP restored.
Your deep troll is no longer berserk.
There is an empty arch of ancient stone here.
Your deep troll disappears in a puff of smoke!
There is a staircase leading out of the dungeon here.
You have escaped!

#......#.#...##...##..........
###.####.#.#.#####..##..##..#.##
#...##.......#..............#.##
#.####....####.#######..........
#.####.........###♣♣######......
#....#....####.#~........##....#
####.#....## ###......♣...##.#.#
#.#.....# ##...........∩..#.#
#.#.....###.@..........##.).#
#.#.....##.............##..##
#.###...##.......♣.....##..##
#.# #...##♣............##....
#.# ######............###..##
#.# #............∩.#...# #.#
#............###...# #.#
#..♣...........##..# #.#
#♣......⌠.....###..#


There were no monsters in sight!

Vanquished Creatures
  2 dread liches (Zot:5)
  2 ancient liches
  4 orbs of fire
  Sojobo (Depths:4)
  2 royal mummies
  A Killer Klown (Zot:5)
  Parghit (Zot:3)
  Saint Roka (Depths:1)
  Xtahua (Depths:4)
  Geryon (Hell)
  2 curse toes
  12 golden dragons
  Nikola (Swamp:3)
  A bone dragon (Swamp:4)
  A Hellbinder (WizLab)
  Arachne (Spider:3)
  7 doom hounds
  A hellephant (Vaults:3)
  A Brimstone Fiend (Depths:2)
  Jorgrun (Orc:2)
  4 electric golems
  24 Orb Guardians
  A walking earthen tome (Depths:4)
  Grunn (Crypt:1)
  17 tentacled monstrosities
  A walking crystal tome (Depths:4)
  3 titans (Vaults:5)
  3 deep elf blademasters
  6 liches
  3 quicksilver dragons
  A walking frostbound tome (Depths:3)
  The ghost of Vetissim the Earth Mage, an adept GrEE of Vehumet (Elf:3)
  A deep elf master archer (Elf:3)
  9 ancient champions
  An Executioner (Depths:2)
  7 sphinxes
  8 acid blobs
  6 tentacled starspawn (Abyss:4)
  5 death cobs
  Gastronok (Lair:2)
  5 shadow dragons
  3 thorn hunters
  8 tengu reavers
  Roxanne (D:15)
  Kirke (D:12)
  9 draconian monks
  Donald (Spider:1)
  25 storm dragons
  A fenstrider witch (Swamp:4)
  3 revenants
  9 draconian knights
  9 emperor scorpions
  3 rockslimes
  3 azure jellies
  24 vault wardens
  10 fire giants
  12 frost giants
  6 balrugs
  Aizul (Spider:1)
  10 draconian scorchers
  5 deep elf sorcerers
  6 iron dragons
  4 deep elf elementalists (Elf:3)
  7 ghouls
  A curse skull (Vaults:2)
  7 draconian annihilators
  Louise (Spider:4)
  7 ghost moths
  A broodmother (Spider:4)
  4 cacodemons
  21 ironbound preservers
  8 draconian shifters
  18 stone giants
  2 draconian stormcallers
  3 orc warlords
  The ghost of Gipsust the Eclecticist, an adept DECj of Hepliaklqana (D:15)
  4 reapers
  6 ironbound thunderhulks
  2 juggernaut skeletons
  3 war gargoyles
  13 black draconians
  7 quicksilver oozes
  22 very ugly things
  14 deep elf demonologists
  10 vampire knights
  A lorocyproca (D:1)
  4 demonspawn black suns
  12 green draconians
  2 bennus (Tomb:1)
  7 spark wasps
  A minotaur (Gauntlet)
  9 white draconians
  3 bunyips
  6 eleionomae
  10 deep elf annihilators
  Azrael (Spider:3)
  8 red draconians
  9 purple draconians
  13 yellow draconians
  11 dire elephants
  7 eidola
  The ghost of Fuxod the Fighter, a journeyman GnWn of Xom (Lair:3)
  9 mummy priests
  2 green deaths (WizLab)
  3 blizzard demons
  10 ettins
  14 yaktaur captains
  6 deep elf death magi
  12 jiangshi
  A shambling mangrove (Swamp:3)
  5 deep elf high priests
  A merfolk javelineer (Abyss:4)
  7 great orbs of eyes
  6 fire dragons
  Josephine (D:12)
  5 entropy weavers
  7 hydras
  15 ice dragons
  37 vault guards
  3 ghost crabs
  2 fenstrider witch zombies
  A rakshasa (Depths:2)
  2 peacekeepers (Vaults:3)
  2 spriggan air magi (Depths:4)
  2 anacondas (shapeshifter)
  11 ironbound frosthearts
  2 ogre magi
  3 hell beasts
  4 radroaches
  3 catoblepae (Lair:5)
  12 centaur warriors
  A satyr (Abyss:4)
  2 jorogumos
  5 two-headed ogres
  The ghost of bearlyready the Brawler, a novice TrBe of Trog (D:10)
  6 death knights
  5 deep troll shamans
  A spriggan skeleton (Crypt:3)
  5 vampire magi
  25 dancing weapons
  12 alligators
  5 death yaks (Lair:5)
  5 tengu warriors
  9 boulder beetles
  5 death scarabs (Tomb:1)
  4 spriggan berserkers
  3 deep troll earth magi (Depths:2)
  3 orc high priests
  Sonja (D:13)
  29 hell knights
  20 deep elf knights
  A hell hog (Hell)
  2 thrashing horrors (Abyss:4)
  A titan skeleton (Depths:1)
  2 skysharks
  Nergalle (Orc:1)
  A sun moth (Spider:3)
  4 sixfirhies
  5 pharaoh ants
  A shadow wraith (Crypt:2)
  9 soul eaters
  15 sun demons
  4 iron trolls
  2 wretched stars
  32 skeletal warriors
  A bunyip zombie (Crypt:3)
  5 goliath frogs
  7 large abominations
  5 flayed ghosts
  6 glowing orange brains
  3 spriggan druids
  47 deep trolls
  8 swamp dragons
  8 orb spiders
  5 harpies
  A swamp dragon (shapeshifter) (Vaults:5)
  14 wizards
  11 bog bodies
  2 spectral hydras (Swamp:4)
  11 lindwurms
  10 steelbarb worms
  2 shadow demons
  An obsidian statue (Zot:5)
  Pikel (Temple)
  14 ironbound convokers
  11 deep elf archers
  14 orc knights
  19 phantasmal warriors
  5 necromancers
  A lindwurm (shapeshifter) (D:15)
  21 deep elf zephyrmancers
  An iron dragon zombie (Depths:1)
  22 deep elf pyromancers
  A shadow dragon skeleton (Depths:1)
  5 shining eyes
  60 ugly things
  28 moths of wrath
  21 wolf spiders
  8 orc sorcerers
  5 will-o-the-wisps
  5 manticores
  2 naga zombies
  A worldbinder (Abyss:4)
  5 elephants (Lair:5)
  5 cyclopes
  2 ice statues (IceCv)
  Maurice (D:12)
  A jorogumo skeleton (Crypt:3)
  11 rust devils
  13 vault sentinels
  2 black mambas
  A frost giant skeleton (Depths:1)
  The ghost of odbg100 the Cleaver, a novice MiFi of Okawaru (D:8)
  10 smoke demons
  4 eyes of devastation
  2 molten gargoyles (Hell)
  2 orange demons
  Joseph (D:10)
  2 gargoyles
  A torpor snail (Spider:3)
  An apocalypse crab (Abyss:4)
  7 cane toads
  5 demonic crawlers
  Maggie (Lair:2)
  5 rime drakes
  A yaktaur (shapeshifter) (Vaults:2)
  A minotaur zombie (Crypt:1)
  A dire elephant skeleton (Crypt:2)
  An efreet (Abyss:4)
  An unseen horror zombie (Crypt:1)
  A yellow draconian zombie (Crypt:2)
  5 swamp worm zombies (Swamp:4)
  4 hellions
  A komodo dragon (shapeshifter) (Elf:1)
  5 komodo dragons
  8 freezing wraiths
  41 yaktaurs
  3 red devils (Depths:2)
  2 tengu conjurers
  2 tormentors
  An alligator snapping turtle skeleton (Crypt:3)
  3 hydra zombies (Swamp:4)
  A queen bee (D:8)
  6 ice devils
  2 polar bears
  16 guardian mummies
  3 ancient zymes (Abyss:4)
  15 trolls
  2 bloated husks (Swamp:4)
  3 hellwings
  A tarantella (shapeshifter) (D:13)
  6 meliai
  8 blink frogs
  20 tarantellas
  2 tyrant leeches
  A wind drake (shapeshifter) (D:13)
  6 raiju (Abyss:4)
  A meliai zombie (Crypt:1)
  A spectral swamp dragon (Swamp:4)
  10 hornets
  An ice dragon zombie (Crypt:2)
  4 alligator zombies (Swamp:4)
  109 slime creatures
  A guardian serpent skeleton (Crypt:3)
  22 jumping spiders
  21 flying skulls
  2 ettin skeletons (Crypt:3)
  15 culicivoras
  11 spriggans
  10 wyverns
  6 water elementals
  58 yaks
  2 vampires (D:12)
  A yak (shapeshifter) (Depths:4)
  12 wraiths
  4 ushabtiu
  8 fire elementals
  2 steam dragons
  4 basilisks
  A human (D:14)
  3 chaos spawn
  2 hogs (shapeshifter)
  15 vampire mosquitoes
  4 golden eyes (D:9)
  3 small abominations
  2 neqoxecs
  A death yak simulacrum (IceCv)
  56 redbacks
  A warg (Depths:1)
  A swamp worm (shapeshifter) (D:15)
  11 swamp worms
  17 water moccasins
  An acid dragon (D:11)
  2 floating eyes (Slime:1)
  Duvessa (D:6)
  5 hell hounds
  A swamp drake (Swamp:1)
  A black bear (D:5)
  A hornet zombie (D:6)
  2 ice beasts
  41 orc warriors
  A dream sheep zombie (Crypt:1)
  3 swamp dragon zombies (Swamp:4)
  3 ogres
  A manticore zombie (Crypt:1)
  A boggart (Elf:1)
  7 centaurs
  16 wolves
  2 lindwurm skeletons
  8 phantoms
  4 kobold brigands
  Blork the orc (D:6)
  5 bullfrogs
  A yaktaur skeleton (Crypt:1)
  4 earth elementals
  2 water moccasin zombies (D:6)
  3 necrophages (Crypt:2)
  A naga simulacrum (Crypt:3)
  A komodo dragon skeleton (Crypt:3)
  A wyvern skeleton (D:6)
  A wyvern zombie (D:6)
  A water moccasin skeleton (D:6)
  A troll zombie (Crypt:3)
  12 wights
  11 killer bees
  Dowan (D:6)
  An elephant simulacrum (IceCv)
  3 howler monkeys
  A shapeshifter skeleton (Crypt:1)
  3 electric eels
  3 bullfrog zombies (D:6)
  A wolf skeleton (Crypt:2)
  3 centaur zombies (D:6)
  A quasit (Abyss:4)
  3 hounds
  10 jellies
  24 orc priests
  The ghost of lonewolfV2 the Scratcher, a weakling FeTm (D:3)
  2 gnoll boudas (D:7)
  13 starcursed masses (Abyss:4)
  3 bullfrog skeletons (D:6)
  2 iguanas
  31 orc wizards
  A sleepcap (D:5)
  11 hell rats (Lair:4)
  2 polar bear simulacra (IceCv)
  A spectral swamp drake (Swamp:4)
  A killer bee zombie (D:6)
  A wolf simulacrum (IceCv)
  An ice beast zombie (Crypt:3)
  A tengu zombie (Crypt:2)
  4 mummies (Tomb:1)
  3 howler monkey zombies
  A howler monkey skeleton (D:6)
  11 adders
  19 gnolls
  A steam dragon skeleton (Crypt:3)
  3 shadow imps
  14 white imps
  An ufetubus (D:6)
  A lava snake zombie (Crypt:1)
  3 worms (D:2)
  3 dart slugs
  96 orcs
  8 ball pythons
  5 endoplasms
  2 giant cockroaches
  4 goblins
  6 hobgoblins
  6 jackals
  A ball python zombie (Crypt:2)
  11 bats
  A dart slug zombie (Crypt:2)
  7 frilled lizards
  16 kobolds
  7 rats
  A ball lightning (D:1)
  A creeping inferno (Zot:4)
  2 fire vortices (Zot:4)
  4 starspawn tentacles (Abyss:4)
2571 creatures vanquished.

Vanquished Creatures (collateral kills)
  A deep elf master archer (Elf:3)
  A pandemonium lord (D:1)
  A balrug (WizLab)
  A deep elf elementalist (Elf:3)
  An ironbound preserver (Vaults:4)
  A deep elf demonologist (Elf:3)
  An ettin (Vaults:5)
  3 deep elf death magi
  A mummy priest (Elf:1)
  A green death (D:1)
  A crystal guardian (Vaults:4)
  A yaktaur captain (Vaults:5)
  A peacekeeper (Vaults:4)
  A dancing weapon (Elf:3)
  A hell knight (Vaults:3)
  3 deep trolls (Vaults:4)
  A shadow demon (Elf:1)
  A phantasmal warrior (Vaults:2)
  A deep elf pyromancer (Elf:1)
  An ironbound convoker (Vaults:4)
  2 vault sentinels (Vaults:4)
  2 kobold demonologists (Elf:1)
  A yaktaur (Vaults:4)
  2 hellions (WizLab)
  A red devil (WizLab)
  A boggart (Elf:1)
  An orc wizard (Depths:1)
34 creatures vanquished.

Vanquished Creatures (others)
  A golden dragon (Zot:5)
  An Orb Guardian (Zot:5)
  A draconian knight (Zot:1)
  A fire giant (Depths:4)
  A stone giant (Vaults:5)
  A ghost crab (Swamp:4)
  A radroach (Spider:3)
  A goliath frog (Swamp:3)
  A phantasmal warrior (Vaults:5)
  A deep elf pyromancer (D:15)
  A deep elf zephyrmancer (Elf:1)
  A wolf spider (Spider:4)
  A will-o-the-wisp (Swamp:1)
  A hydra zombie (Swamp:4)
  A red devil (D:1)
  2 bloated husks
  A tyrant leech (Swamp:3)
  A spectral swamp dragon (Swamp:4)
  A hornet (Swamp:2)
  A flying skull (Abyss:4)
  2 humans (D:12)
  A golden eye (D:9)
  A swamp worm (Swamp:3)
  A phantom (Swamp:4)
  An orc wizard (D:9)
  A swamp drake zombie (Swamp:4)
  An orc (Bailey)
  2 ball lightnings (D:1)
  30 foxfires
  A lurking horror (Abyss:4)
  10 starspawn tentacles (Abyss:4)
72 creatures vanquished.

Grand Total: 2677 creatures vanquished

Notes
Turn   | Place    | Note
-------+----------+-------------------------------------------
     0 | D:1      | monsoonserge the Minotaur Berserker began the quest for the
                  | Orb.
     0 | D:1      | Reached XP level 1. HP: 19/19 MP: 0/0
   242 | D:1      | Reached XP level 2. HP: 27/27 MP: 1/1
   386 | D:1      | Reached XP level 3. HP: 33/33 MP: 2/2
   406 | D:1      | Reached ** piety under Trog
  1328 | D:2      | Reached XP level 4. HP: 29/41 MP: 3/3
  1432 | D:2      | Reached skill level 5 in Axes
  1807 | D:2      | Reached *** piety under Trog
  2052 | D:3      | Found a runed translucent door.
  2163 | D:3      | Found a radiant altar of Vehumet.
  2214 | D:3      | Noticed lonewolfV2's ghost (weakling FeTm)
  2337 | D:3      | Found a shadowy altar of Dithmenos.
  2665 | D:3      | Found Reit's Magic Scroll Shoppe.
  2668 | D:3      | Bought a scroll of fear for 40 gold pieces
  2668 | D:3      | Bought a scroll of teleportation for 30 gold pieces
  2770 | D:3      | Reached XP level 5. HP: 47/47 MP: 4/4
  3185 | D:4      | Reached skill level 1 in Throwing
  3325 | D:4      | Reached skill level 5 in Fighting
  3325 | D:4      | Reached skill level 1 in Stealth
  3325 | D:4      | Reached XP level 6. HP: 56/56 MP: 5/5
  3379 | D:3      | Killed lonewolfV2's ghost
  3672 | D:4      | Found a bloodstained altar of Trog.
  4272 | D:5      | Entered Level 5 of the Dungeon
  4296 | D:5      | Found Kugunoz's Magic Scroll Shoppe.
  4297 | D:5      | Found Lupn's Antique Weapon Shop.
  5106 | D:5      | Found Moqoeluu's Distillery.
  5115 | D:5      | Found Cyoram's Distillery.
  5208 | D:5      | Found Tadeoqi's General Store.
  5247 | D:5      | Reached XP level 7. HP: 56/61 MP: 6/6
  5264 | D:6      | Noticed Dowan
  5270 | D:5      | Reached **** piety under Trog
  5278 | D:6      | Noticed Duvessa
  5282 | D:5      | Reached skill level 5 in Armour
  5433 | D:6      | Reached XP level 8. HP: 57/70 MP: 7/7
  5555 | D:6      | Found a staircase to the Ecumenical Temple.
  5580 | Temple   | Entered the Ecumenical Temple
  5698 | D:6      | Noticed Pikel
  5721 | Temple   | Killed Pikel
  5722 | Temple   | Reached skill level 10 in Axes
  5846 | D:6      | Killed Dowan
  5847 | D:6      | Reached XP level 9. HP: 67/79 MP: 8/8
  5847 | D:6      | Killed Duvessa
  6059 | D:6      | Noticed Blork the orc
  6068 | D:6      | Killed Blork the orc
  6146 | D:6      | Found a hazy altar of Hepliaklqana.
  6239 | D:6      | Found Reamasik's Distillery.
  6411 | D:7      | Reached ***** piety under Trog
  6855 | D:7      | Found Soegekk's General Store.
  7919 | D:8      | Noticed a queen bee
  7931 | D:8      | Found a transporter.
  7937 | D:8      | Found a transporter.
  7937 | D:8      | Noticed odbg100's ghost (novice MiFi)
  8518 | D:8      | Reached skill level 1 in Evocations
  8733 | D:9      | Found a flagged portal.
  8783 | Bailey   | Entered a bailey
  8806 | Bailey   | Reached XP level 10. HP: 73/90 MP: 9/9
  9078 | Bailey   | Reached skill level 1 in Shields
  9127 | Bailey   | Acquired a manual of Axes
  9129 | Bailey   | Noticed an orc knight
  9138 | Bailey   | Killed an orc knight
  9324 | D:9      | Found a staircase to the Orcish Mines.
  9337 | D:9      | Reached skill level 10 in Armour
 10272 | D:10     | Entered Level 10 of the Dungeon
 10416 | D:10     | Found a staircase to the Lair.
 10494 | D:10     | Reached skill level 15 in Axes
 10592 | D:10     | Noticed a two-headed ogre
 10599 | D:10     | Killed a two-headed ogre
 10600 | D:10     | Reached skill level 10 in Fighting
 10600 | D:10     | Reached XP level 11. HP: 83/99 MP: 10/10
 10662 | D:10     | Noticed Joseph
 10666 | D:10     | Killed Joseph
 10750 | D:10     | Found a runed translucent gate.
 10751 | D:10     | Found a runed translucent gate.
 10751 | D:10     | Noticed bearlyready's ghost (novice TrBe)
 10751 | D:10     | Noticed a six-headed hydra
 10752 | D:10     | Found a runed translucent gate.
 10866 | D:10     | Found a glowing golden altar of the Shining One.
 10866 | D:10     | Found a hide-covered altar of Uskayaw.
 10934 | D:10     | Noticed a two-headed ogre
 10953 | D:10     | Killed a two-headed ogre
 11123 | D:10     | Noticed an ogre mage
 11132 | D:10     | Killed an ogre mage
 11403 | D:10     | Reached skill level 5 in Shields
 11940 | D:10     | Received a gift from Trog
 13140 | D:12     | Noticed an ice dragon
 13140 | D:12     | Noticed an ice dragon
 13140 | D:12     | Noticed a fire dragon
 13140 | D:12     | Found the +2 shield of Resistance {rF++ rC++ Will++}
 13141 | D:12     | Found a runed translucent door.
 13141 | D:12     | Noticed a fire dragon
 13143 | D:12     | Found a runed translucent door.
 13145 | D:12     | Noticed Josephine
 13202 | Lair:1   | Entered Level 1 of the Lair of Beasts
 13389 | Lair:1   | Reached XP level 12. HP: 79/110 MP: 11/11
 13827 | D:5      | Bought a scroll of acquirement for 780 gold pieces
 13827 | D:5      | Acquired a manual of Evocations
 13895 | D:5      | Bought a potion of degeneration for 10 gold pieces
 13982 | D:5      | Bought a scroll of noise for 10 gold pieces
 14949 | Lair:2   | Found a hole to the Spider Nest.
 15000 | Lair:2   | Found a staircase to the Swamp.
 15181 | Lair:2   | Identified the ring of the Saviour {rPois rN+ Str+3}
 15313 | Lair:2   | Noticed Maggie
 15323 | Lair:2   | Killed Maggie
 15417 | Lair:2   | Noticed Gastronok
 15435 | Lair:2   | Killed Gastronok
 15643 | Lair:2   | Identified the +0 pair of gloves "Ulaorib" {rN+ Will+
                  | Stlth+}
 15996 | Lair:3   | Found a transporter.
 16036 | Lair:3   | Received a gift from Trog
 16044 | Lair:3   | Found a transporter.
 16045 | Lair:3   | Noticed Fuxod's ghost (journeyman GnWn)
 16113 | Lair:3   | Found a one-way gate to the infinite horrors of the Abyss.
 16342 | Lair:3   | Reached skill level 5 in Evocations
 16626 | Lair:4   | Found a staircase to the Slime Pits.
 16626 | Lair:4   | Found a viscous altar of Jiyva.
 16650 | Lair:4   | Reached XP level 13. HP: 103/122 MP: 12/12
 17310 | D:5      | Bought a potion of heal wounds for 50 gold pieces
 17321 | D:5      | Bought a potion of haste for 130 gold pieces
 17390 | D:6      | Bought a potion of curing for 39 gold pieces
 17492 | D:3      | Bought a scroll of butterflies for 40 gold pieces
 17708 | D:8      | Killed odbg100's ghost
 17843 | Orc:1    | Entered Level 1 of the Orcish Mines
 17849 | Orc:1    | Noticed Nergalle
 17858 | Orc:1    | Killed Nergalle
 18083 | D:12     | Killed Josephine
 18332 | D:12     | Noticed Kirke
 18357 | D:12     | Killed Kirke
 18472 | D:12     | Reached skill level 10 in Shields
 18752 | D:12     | Noticed Maurice
 18762 | D:12     | Killed Maurice
 19268 | D:12     | Identified the +1 robe "Oblu" {Dex+3}
 19558 | Lair:3   | Killed Fuxod's ghost
 19600 | Lair:3   | Identified the +0 tower shield of the Summoning Gods {rElec
                  | rF+ Int+2}
 19753 | Slime:1  | Entered Level 1 of the Pits of Slime
 19753 | Slime:1  | Noticed an azure jelly
 19867 | Orc:1    | Found a transporter.
 19898 | Orc:1    | Found Fajurok's Armour Emporium.
 19932 | Orc:1    | Found a transporter.
 19963 | Orc:2    | Entered Level 2 of the Orcish Mines
 19963 | Orc:2    | Found a staircase to the Elven Halls.
 20036 | Orc:2    | Found a gate leading to a gauntlet.
 20040 | Orc:2    | Found a frozen archway.
 20067 | Orc:2    | Noticed Jorgrun
 20097 | Orc:2    | Killed Jorgrun
 20143 | IceCv    | Entered an ice cave
 20156 | IceCv    | Reached skill level 5 in Dodging
 20156 | IceCv    | Found a transporter.
 20173 | IceCv    | Found a transporter.
 20349 | Gauntlet | Entered a Gauntlet
 20349 | Gauntlet | Found a transporter.
 20358 | Gauntlet | Found a transporter.
 20376 | Gauntlet | Found a transporter.
 20396 | Gauntlet | Found a transporter.
 20398 | Gauntlet | Found a transporter.
 20404 | Gauntlet | Found a transporter.
 20430 | Gauntlet | Found a transporter.
 20432 | Gauntlet | Found a transporter.
 20445 | Gauntlet | Found a transporter.
 20459 | Gauntlet | Found a transporter.
 20472 | Gauntlet | Found a transporter.
 20487 | Gauntlet | Found a transporter.
 20519 | Gauntlet | Found a transporter.
 20524 | Gauntlet | Found a large runed translucent door.
 20525 | Gauntlet | Found a large runed translucent door.
 20526 | Gauntlet | Found a large runed translucent door.
 20526 | Gauntlet | Found a large runed translucent door.
 20527 | Gauntlet | Found a runed translucent gate.
 20528 | Gauntlet | Found a transporter.
 20528 | Gauntlet | Found a runed translucent gate.
 20529 | Gauntlet | Found a runed translucent gate.
 20529 | Gauntlet | Found a large runed translucent door.
 20529 | Gauntlet | Found a large runed translucent door.
 20529 | Gauntlet | Found a runed translucent door.
 20529 | Gauntlet | Found a runed translucent door.
 20530 | Gauntlet | Found a large runed translucent door.
 20531 | Gauntlet | Found a large runed translucent door.
 20540 | Gauntlet | Found a large runed translucent door.
 20540 | Gauntlet | Found a large runed translucent door.
 20541 | Gauntlet | Found a large runed translucent door.
 20542 | Gauntlet | Found a large runed translucent door.
 20550 | Gauntlet | Found a transporter.
 20551 | Gauntlet | Found a large runed translucent door.
 20551 | Gauntlet | Found a large runed translucent door.
 20552 | Gauntlet | Found a large runed translucent door.
 20553 | Gauntlet | Found a large runed translucent door.
 20606 | Gauntlet | Found a transporter.
 20634 | Gauntlet | Found a transporter.
 20639 | Gauntlet | Noticed a quicksilver ooze
 20640 | Gauntlet | Found a transporter.
 20763 | Gauntlet | Reached XP level 14. HP: 133/133 MP: 13/13
 20869 | Gauntlet | Gained mutation: You are weak. (Str -2) [a neqoxec]
 20885 | Gauntlet | Identified the ring "Demaluu" {Drain rCorr Str+3 Int+4
                  | Dex+6}
 21316 | Orc:2    | Noticed an orc warlord
 21348 | Orc:1    | Acquired a manual of Armour
 21350 | Orc:1    | Acquired the -2 hat of the Alchemist {rElec rPois rF+ rC+
                  | rN+ Will+ rMut rCorr}
 21350 | Orc:1    | Found the -2 hat of the Alchemist {rElec rPois rF+ rC+ rN+
                  | Will+ rMut rCorr}
 21375 | Orc:1    | Lost mutation: You are weak. (Str -2) [potion of mutation]
 21375 | Orc:1    | Gained mutation: Your natural rate of healing is unusually
                  | fast. [potion of mutation]
 21375 | Orc:1    | Gained mutation: You are agile. (Dex +4, Str/Int -1)
                  | [potion of mutation]
 21509 | D:6      | Bought a potion of invisibility for 104 gold pieces
 21686 | D:12     | Reached skill level 15 in Fighting
 22040 | Lair:4   | Received a gift from Trog
 22440 | Lair:5   | Entered Level 5 of the Lair of Beasts
 22585 | Orc:1    | Killed an orc warlord
 22788 | Orc:2    | Reached skill level 10 in Evocations
 22790 | Orc:2    | Found Wofacvoc's Antique Weapon Shop.
 22795 | Orc:2    | Found Doladut's General Store.
 22877 | Orc:2    | Found Araig's Book Shop.
 22893 | Orc:2    | Found Tesmisuf's Antique Armour Shop.
 22967 | Orc:2    | Reached skill level 15 in Armour
 23010 | Orc:2    | Noticed an orc warlord
 23028 | Orc:2    | Killed an orc warlord
 23191 | Orc:2    | Bought the +0 pair of fencer's gloves {Riposte Dex+3} for
                  | 480 gold pieces
 23191 | Orc:2    | Found the +0 pair of fencer's gloves {Riposte Dex+3}
 23242 | Orc:2    | Found Rehygu's Specific Store.
 23244 | Orc:2    | Found Jiceg's General Store.
 23592 | Orc:1    | Reached ****** piety under Trog
 23899 | Lair:5   | Identified the +0 robe of the Orb Guardian {rElec Dex+2
                  | Stlth-}
 24002 | Lair:5   | Received a gift from Trog
 24525 | Lair:5   | Reached XP level 15. HP: 144/144 MP: 14/14
 24534 | Lair:5   | Identified the +0 chain mail of Infinity {rF+}
 25010 | D:10     | Killed bearlyready's ghost
 25789 | D:13     | Noticed Sonja
 25803 | D:13     | Killed Sonja
 26088 | D:13     | Found the +1 robe of Vines {NoPotionHeal Regen++++}
 26273 | D:14     | Identified the +10 war axe of Elaotusei {flame, rF- rN+
                  | Str+2} (Trog gifted it to you on level 14 of the Dungeon)
 26273 | D:14     | Received a gift from Trog
 26500 | D:13     | Noticed a thorn hunter
 26513 | D:13     | Killed a thorn hunter
 26909 | D:14     | Found a gate to the Vaults.
 27741 | D:15     | Entered Level 15 of the Dungeon
 28071 | D:15     | Found Ecuerphi's General Store.
 28182 | D:15     | Noticed Roxanne
 28202 | D:15     | Killed Roxanne
 28202 | D:15     | Received a gift from Trog
 28323 | D:15     | Found a runed translucent gate.
 28323 | D:15     | Found a runed translucent gate.
 28323 | D:15     | Found a runed translucent gate.
 28325 | D:15     | Found an opulent altar of Gozag.
 28325 | D:15     | Found Xeimpo's Assorted Antiques.
 28327 | D:15     | Noticed Gipsust's ghost (adept DECj)
 28352 | D:15     | Found a staircase to the Depths.
 28847 | D:15     | Noticed a fire giant
 28849 | D:15     | a fire giant changed into a dire elephant
 28851 | D:15     | a dire elephant changed into a sphinx
 28851 | D:15     | Noticed a sphinx (glowing shapeshifter)
 28935 | D:15     | Noticed a fenstrider witch
 29084 | Spider:1 | Entered Level 1 of the Spider Nest
 29141 | Spider:1 | Reached XP level 16. HP: 151/155 MP: 15/15
 29155 | Spider:1 | Noticed Aizul
 29164 | Spider:1 | Killed Aizul
 29165 | Spider:1 | Reached skill level 15 in Shields
 29281 | Spider:1 | Noticed Donald
 29296 | Spider:1 | Killed Donald
 30017 | Spider:2 | Identified the +3 hand axe "Xeniceh" {flame, rF+} (Trog
                  | gifted it to you on level 2 of the Spider Nest)
 30017 | Spider:2 | Received a gift from Trog
 30446 | Spider:2 | Identified the +5 ring mail of the Hall of Blades {Dex+2}
 30719 | Spider:3 | Reached skill level 10 in Dodging
 30777 | Spider:3 | Noticed Azrael
 31101 | Spider:3 | Received a gift from Trog
 31102 | Spider:3 | Killed Azrael
 31400 | Spider:4 | Entered Level 4 of the Spider Nest
 31400 | Spider:4 | Noticed Arachne
 31515 | Spider:3 | Killed Arachne
 31656 | Spider:4 | Reached XP level 17. HP: 151/166 MP: 16/16
 31686 | Spider:4 | Noticed Louise
 31701 | Spider:4 | Killed Louise
 31777 | Spider:4 | Received a gift from Trog
 32174 | Spider:4 | Found the +2 pair of slick slippers {slick, slippery, EV+4}
 32221 | Spider:4 | Got a gossamer rune of Zot
 32455 | Slime:1  | Noticed an acid blob
 32460 | Slime:1  | Received a gift from Trog
 32462 | Slime:1  | Killed an acid blob
 32466 | Slime:1  | You fall into a shaft and drop 1 floor!
 32485 | Slime:2  | Noticed an acid blob
 32493 | Slime:2  | Killed an acid blob
 32760 | Slime:1  | Noticed an acid blob
 32771 | Slime:1  | Killed an acid blob
 33191 | Slime:2  | Noticed an acid blob
 33191 | Slime:2  | Noticed an acid blob
 33194 | Slime:2  | Killed an acid blob
 33253 | Slime:2  | Killed an acid blob
 33288 | Slime:2  | Noticed an acid blob
 33297 | Slime:2  | Killed an acid blob
 33515 | Slime:3  | Received a gift from Trog
 33520 | Slime:3  | Noticed an acid blob
 33531 | Slime:3  | Killed an acid blob
 33532 | Slime:3  | Reached XP level 18. HP: 109/178 MP: 17/17
 33671 | Slime:3  | Gained mutation: You sometimes lose your temper in combat.
                  | [a shining eye]
 33674 | Slime:3  | Gained mutation: You are occasionally teleported next to
                  | monsters. [a shining eye]
 33723 | Slime:3  | Gained mutation: You are frail. (-10% HP) [a shining eye]
 34010 | Slime:3  | Lost mutation: You are agile. (Dex +4, Str/Int -1) [potion
                  | of mutation]
 34010 | Slime:3  | Lost mutation: You sometimes lose your temper in combat.
                  | [potion of mutation]
 34010 | Slime:3  | Gained mutation: You are dopey. (Int -2) [potion of
                  | mutation]
 34010 | Slime:3  | Gained mutation: You are somewhat resistant to further
                  | mutation. [potion of mutation]
 34011 | Slime:3  | Lost mutation: You are somewhat resistant to further
                  | mutation. [potion of mutation]
 34011 | Slime:3  | Lost mutation: Your natural rate of healing is unusually
                  | fast. [potion of mutation]
 34011 | Slime:3  | Lost mutation: You are occasionally teleported next to
                  | monsters. [potion of mutation]
 34011 | Slime:3  | Gained mutation: You have sharp fingernails. [potion of
                  | mutation]
 34011 | Slime:3  | Gained mutation: You possess an exceptional clarity of
                  | mind. [potion of mutation]
 34011 | Slime:3  | Gained mutation: You have hidden genetic potential. [potion
                  | of mutation]
 34182 | Swamp:1  | Entered Level 1 of the Swamp
 34268 | Swamp:1  | Identified the +5 falchion "Jonuh" {vamp, Fragile Will+
                  | Int+3}
 34320 | Swamp:1  | Identified the +0 scale mail "Berghufo" {+Inv rPois}
 35019 | Swamp:2  | Received a gift from Trog
 35873 | Swamp:3  | Reached skill level 15 in Dodging
 35894 | Swamp:3  | Noticed Nikola
 36169 | Swamp:3  | Killed Nikola
 36648 | Swamp:4  | Entered Level 4 of the Swamp
 37551 | Swamp:4  | Received a gift from Trog
 37789 | Swamp:4  | Noticed a bone dragon
 37806 | Swamp:4  | Killed a bone dragon
 37879 | Swamp:4  | Got a decaying rune of Zot
 38208 | D:15     | Killed Gipsust's ghost
 38282 | D:15     | Bought a bloodstained flail for 178 gold pieces
 38282 | D:15     | Identified the +1 flail of the Empty Page {holy, *Rage
                  | rPois rN+++ Stlth+} (You bought it in a shop on level 15 of
                  | the Dungeon)
 38478 | Elf:1    | Entered Level 1 of the Elven Halls
 38510 | Elf:1    | Reached XP level 19. HP: 157/171 MP: 18/18
 38791 | Elf:1    | Received a gift from Trog
 38810 | Elf:1    | Noticed a Tzitzimitl
 39351 | Vaults:1 | Entered Level 1 of the Vaults
 39351 | Vaults:1 | Found Loososh's General Store.
 39525 | Vaults:1 | Gained mutation: You are covered in fur. (AC +1) [hidden
                  | potential]
 40137 | Vaults:1 | Identified the +8 chain mail of Asceticism {*Slow rElec
                  | rC+++ MP-9}
 40140 | Vaults:1 | Identified the +5 dagger "Acoraa" {flame, Str-4 Int+3 SInv
                  | Stlth+}
 40926 | Vaults:2 | Received a gift from Trog
 41915 | Vaults:2 | Found a staircase to the Crypt.
 42386 | Vaults:2 | Reached XP level 20. HP: 178/181 MP: 19/19
 42717 | Vaults:2 | Received a gift from Trog
 42726 | Vaults:2 | Lost mutation: You are frail. (-10% HP) [hidden potential]
 42726 | Vaults:2 | Lost mutation: You have hidden genetic potential. [hidden
                  | potential expressed]
 43558 | Vaults:3 | Found Acront's Book Shoppe.
 44333 | Vaults:3 | Found a huge runed gate.
 44333 | Vaults:3 | Found a huge runed gate.
 44334 | Vaults:3 | Found a huge runed gate.
 44334 | Vaults:3 | Found a huge runed gate.
 44334 | Vaults:3 | Found a huge runed gate.
 44335 | Vaults:3 | Found a huge runed gate.
 44335 | Vaults:3 | Found a huge runed gate.
 44335 | Vaults:3 | Found a huge runed gate.
 44335 | Vaults:3 | Found a huge runed gate.
 44336 | Vaults:3 | Found a huge runed gate.
 45052 | Vaults:4 | Identified the +6 war axe of Trog's Inspiration {antimagic,
                  | rN+ Will+} (Trog gifted it to you on level 4 of the Vaults)
 45052 | Vaults:4 | Received a gift from Trog
 45121 | Vaults:4 | Reached skill level 5 in Throwing
 45381 | Vaults:4 | Found a magical portal.
 45408 | WizLab   | Entered The Hall of the Hellbinder
 45440 | WizLab   | Received a gift from Trog
 45806 | WizLab   | Identified the +5 lajatang "Moest" {vamp, rF+}
 45806 | WizLab   | Noticed Gyfugau
 45807 | WizLab   | Found a burning altar of Makhleb.
 45819 | WizLab   | Reached XP level 21. HP: 195/213 MP: 20/20
 45850 | WizLab   | Gained mutation: You occasionally lose the ability to drink
                  | potions when taking damage. [a neqoxec]
 46112 | WizLab   | Killed Gyfugau the Hellbinder
 46124 | WizLab   | Got Asmodeus's Omnibus of the Entourage
 46125 | WizLab   | Identified the +1 longbow of Gizi {speed, rC++ Will+}
 46664 | Vaults:4 | Reached skill level 5 in Stealth
 46698 | Vaults:4 | Identified the +0 leather armour of Atemp {rCorr}
 46788 | Vaults:4 | Identified the +5 war axe of Uncomfortable Rashes {flame,
                  | rPois Will+ Str+2 Stlth-} (Trog gifted it to you on level 4
                  | of the Vaults)
 46788 | Vaults:4 | Received a gift from Trog
 47121 | Crypt:1  | Entered Level 1 of the Crypt
 47282 | Crypt:1  | Noticed Grunn
 47309 | Crypt:1  | Killed Grunn
 48210 | Crypt:2  | Received a gift from Trog
 48887 | Crypt:3  | Entered Level 3 of the Crypt
 49595 | Crypt:3  | Reached XP level 22. HP: 226/226 MP: 21/21
 49702 | Crypt:3  | Received a gift from Trog
 49778 | Crypt:3  | Noticed a curse toe
 49842 | Crypt:3  | Killed a curse toe
 50151 | Crypt:3  | Noticed a royal mummy
 50161 | Crypt:3  | Killed a royal mummy
 50227 | Crypt:3  | Found an ancient bone altar of Kikubaaqudgha.
 50229 | Crypt:3  | Found a basalt altar of Yredelemnul.
 50263 | Crypt:3  | Identified the ring of Arrival {rPois rN+ Int+5 Dex+4}
 50263 | Crypt:3  | Identified the ring "Haodd" {rN+ Int+3}
 50269 | Crypt:3  | Identified the ring "Fekukk" {*Slow rPois rCorr MP-9 AC+4}
 50274 | Crypt:3  | Acquired 444 gold pieces
 50294 | Crypt:3  | Identified the +2 ring mail "Cawid" {-Cast Str+3 SInv}
 50296 | Crypt:3  | Identified the +0 plate armour of Gestruc {Will+}
 50734 | Crypt:3  | Found a staircase to the Tomb.
 50885 | Tomb:1   | Entered Level 1 of the Tomb of the Ancients
 51695 | Tomb:1   | Received a gift from Trog
 51791 | Tomb:1   | Noticed a royal mummy
 51855 | Tomb:1   | Killed a royal mummy
 52864 | Elf:1    | Found Vies Ahezoi's Weapon Shoppe.
 52955 | Elf:1    | Identified the +0 leather armour "Zizxid" {rPois rF+ Str-2}
 53086 | Elf:1    | Found a runed translucent gate.
 53086 | Elf:1    | Found a runed translucent gate.
 53086 | Elf:1    | Found a runed translucent gate.
 53086 | Elf:1    | Found a runed translucent gate.
 53086 | Elf:1    | Found a runed translucent gate.
 53089 | Elf:1    | Found a runed translucent gate.
 53092 | Elf:1    | Received a gift from Trog
 53419 | Elf:1    | Found a shimmering blue altar of Sif Muna.
 54106 | Elf:2    | Found a runed translucent gate.
 54106 | Elf:2    | Found a runed translucent gate.
 54107 | Elf:2    | Found a runed translucent gate.
 54111 | Elf:2    | Received a gift from Trog
 54861 | Elf:3    | Entered Level 3 of the Elven Halls
 54918 | Elf:3    | Reached XP level 23. HP: 168/236 MP: 22/22
 55258 | Elf:3    | Received a gift from Trog
 55290 | Elf:3    | Found a runed translucent door.
 55300 | Elf:3    | Noticed Vetissim's ghost (adept GrEE)
 55300 | Elf:3    | Found the +9 sword of Zonguldrok {reap}
 55438 | Elf:3    | Identified the ring "Tiadghaitt" {rF+ Int+2}
 55458 | Elf:3    | Identified the ring of Qazlal's Favour {Wiz Stlth+}
 56052 | Elf:3    | Received a gift from Trog
 56225 | Elf:3    | Found the +12 pair of quick blades "Gyre" and "Gimble"
                  | {protect}
 56255 | Elf:3    | Identified the +8 halberd "Fexout" {venom, Str+4 SInv}
 56260 | Elf:3    | Got the Compilation of Electrocution and the Tesseract
 56268 | Elf:3    | Got Myedured's Compilation of Flammable Sciomancy
 56282 | Elf:3    | Got the Book of Searing Wounds
 56293 | Elf:3    | Got the Codex of the Wolf
 56419 | Elf:3    | Acquired a manual of Evocations
 56497 | Elf:3    | Killed Vetissim's ghost
 56909 | Vaults:5 | Entered Level 5 of the Vaults
 57071 | Vaults:5 | Reached skill level 27 in Shields
 57075 | Vaults:5 | Received a gift from Trog
 57076 | Abyss:2  | Cast into level 2 of the Abyss (a deep elf demonologist)
 57175 | Abyss:2  | Found a corrupted altar of Lugonu.
 57265 | Abyss:3  | Found a corrupted altar of Lugonu.
 57290 | Abyss:4  | Found a corrupted altar of Lugonu.
 57474 | Abyss:4  | Got an abyssal rune of Zot
 57934 | Vaults:5 | Escaped the Abyss
 58001 | Vaults:5 | Noticed an ancient lich
 58259 | Vaults:5 | Identified the +10 great sword of the Many Ultimatums
                  | {venom, rElec rPois Int-5}
 58266 | Vaults:4 | Killed an ancient lich
 58375 | Vaults:4 | Reached skill level 27 in Fighting
 58591 | Vaults:5 | Reached skill level 15 in Evocations
 58716 | Vaults:5 | Reached XP level 24. HP: 206/249 MP: 22/22
 58863 | Vaults:5 | Identified the +1 leather armour of Honesty {Contam rN+
                  | Dex+3}
 59224 | Vaults:5 | Found Xumpa's Distillery.
 59229 | Vaults:5 | Bought a potion of heal wounds for 75 gold pieces
 59233 | Vaults:5 | Found Xoelixza's Distillery.
 59241 | Vaults:5 | Bought a potion of haste for 200 gold pieces
 59266 | Vaults:5 | Found Hoschit's Distillery.
 59267 | Vaults:5 | Found Urrural's Jewellery Emporium.
 59277 | Vaults:5 | Bought a potion of heal wounds for 85 gold pieces
 59311 | Vaults:5 | Identified the +0 chain mail of Gozag's Approval {Fly rElec
                  | Will+ Str+2}
 59325 | Vaults:5 | Got a silver rune of Zot
 59394 | Vaults:5 | Identified the +1 halberd "Dyafud" {venom, *Rage rElec
                  | Str-5 Int+8}
 60340 | Depths:1 | Entered Level 1 of the Depths
 60459 | Depths:1 | Noticed Saint Roka
 60472 | Depths:1 | Killed Saint Roka
 60635 | Depths:1 | Received a gift from Trog
 60866 | Depths:1 | Found a hide-covered altar of Uskayaw.
 61010 | Depths:1 | Found a gateway to Hell.
 61355 | Depths:2 | Identified the +13 demon blade of Disharmony {flame, Dex+4}
                  | (Trog gifted it to you on level 2 of the Depths)
 61355 | Depths:2 | Received a gift from Trog
 61841 | Depths:2 | Found a one-way gateway to a ziggurat.
 61865 | Depths:2 | Found a one-way gate leading to the halls of Pandemonium.
 62050 | Depths:2 | Found a stormy altar of Qazlal.
 62550 | Depths:2 | Found a burning altar of Makhleb.
 62562 | Depths:2 | Identified the ring "Niuluo" {Will+ Dex+6}
 62564 | Depths:2 | Identified the staff of poison "Pyqateti" {rPois rN+}
 62568 | Depths:2 | Identified the +8 hand axe "Ylo Luga" {drain, Contam rC+++
                  | Dex+6}
 62570 | Depths:2 | Identified the staff of poison "Dyth" {+Blink rPois rCorr
                  | Dex+2}
 62839 | Depths:2 | Received a gift from Trog
 63541 | Depths:3 | Found Ulaupiro's Antique Armour Shoppe.
 63543 | Depths:3 | Found Nicoum's General Store.
 63546 | Depths:3 | Found Irghenat's Assorted Antiques.
 63568 | Depths:3 | Reached XP level 25. HP: 257/257 MP: 22/22
 63849 | Depths:3 | Reached skill level 10 in Stealth
 64191 | Depths:3 | Found an opulent altar of Gozag.
 64501 | Hell     | Entered the Vestibule of Hell
 64504 | Hell     | Found a gateway to the freezing wastes of Cocytus.
 64507 | Hell     | Noticed Geryon
 64702 | Hell     | Received a gift from Trog
 64702 | Hell     | Killed Geryon
 64863 | Hell     | Found a gateway to the Iron City of Dis.
 64988 | Hell     | Found a gateway to the decaying netherworld of Tartarus.
 65158 | Hell     | Found a gateway to the ashen valley of Gehenna.
 65374 | Depths:4 | Entered Level 4 of the Depths
 65540 | Depths:4 | Noticed Sojobo
 65562 | Depths:4 | Killed Sojobo
 65707 | Depths:3 | Identified the +5 quarterstaff of Suicidal Tendencies
                  | {flame, rC+ rCorr Str-3}
 65783 | Depths:4 | Received a gift from Trog
 65907 | Depths:4 | Noticed Xtahua
 65917 | Depths:4 | Killed Xtahua
 66251 | Depths:4 | Found a gate to the Realm of Zot.
 66623 | Zot:1    | Entered Level 1 of the Realm of Zot
 66717 | Zot:1    | Noticed an orb of fire
 66725 | Zot:1    | Gained mutation: Your magical capacity is low. (-10% MP)
                  | [an orb of fire]
 66738 | Zot:1    | Killed an orb of fire
 67246 | Zot:1    | Reached XP level 26. HP: 266/266 MP: 19/19
 67473 | Zot:2    | Noticed an orb of fire
 67493 | Zot:2    | Gained mutation: You sometimes lose the ability to drink
                  | potions when taking damage. [an orb of fire]
 67494 | Zot:2    | Received a gift from Trog
 67511 | Zot:2    | Gained mutation: Armour fits poorly on your strangely
                  | shaped body. [an orb of fire]
 67513 | Zot:2    | Gained mutation: You are vulnerable to cold. (rC-) [an orb
                  | of fire]
 67515 | Zot:2    | Killed an orb of fire
 67575 | Zot:2    | Identified the +6 dagger of the Blessed Realm {drain,
                  | Contam rN+++ rCorr Int+3}
 67576 | Zot:2    | Got Durraimp's Handbook of The Black Sun
 67655 | Zot:1    | Lost mutation: You are vulnerable to cold. (rC-) [potion of
                  | mutation]
 67655 | Zot:1    | Lost mutation: You are covered in fur. (AC +1) [potion of
                  | mutation]
 67655 | Zot:1    | Lost mutation: You have sharp fingernails. [potion of
                  | mutation]
 67656 | Zot:1    | Lost mutation: Armour fits poorly on your strangely shaped
                  | body. [potion of mutation]
 67656 | Zot:1    | Lost mutation: You possess an exceptional clarity of mind.
                  | [potion of mutation]
 67656 | Zot:1    | Gained mutation: You passively map a small area around you.
                  | [potion of mutation]
 67656 | Zot:1    | Gained mutation: You have a somewhat thin skeletal
                  | structure. (Dex +2, Stealth+) [potion of mutation]
 68393 | Zot:3    | Noticed Parghit
 68422 | Zot:3    | Killed Parghit
 68963 | Zot:3    | Received a gift from Trog
 69258 | Zot:3    | Found a transporter.
 69258 | Zot:3    | Noticed Alunk's ghost (legendary GnFi)
 69261 | Zot:3    | Identified the ring of Ikemait {Will+ AC+4 Int+7}
 69261 | Zot:3    | Identified the ring of Duluqusuap {Will+ Dex+3}
 69263 | Zot:3    | Identified the ring "Vinomeny" {rN+ Int+6}
 69280 | Zot:3    | Found a transporter.
 70732 | Zot:5    | Entered Level 5 of the Realm of Zot
 70764 | Zot:5    | Identified the +3 quarterstaff of Satyriasis {heavy, rElec
                  | rF+} (Trog gifted it to you on level 5 of the Realm of Zot)
 70764 | Zot:5    | Received a gift from Trog
 71420 | Zot:5    | Reached XP level 27. HP: 273/273 MP: 19/19
 71568 | Zot:5    | Noticed a dread lich
 71573 | Zot:5    | Noticed an orb of fire
 71585 | Zot:5    | Killed a dread lich
 71723 | Zot:5    | Killed an orb of fire
 71999 | Zot:5    | Noticed an orb of fire
 72006 | Zot:5    | Noticed a dread lich
 72008 | Zot:5    | Received a gift from Trog
 72008 | Zot:5    | Noticed an ancient lich
 72014 | Zot:5    | Noticed an orb of fire
 72017 | Zot:5    | Killed a dread lich
 72023 | Zot:5    | Noticed a dread lich
 72027 | Zot:5    | Killed an ancient lich
 72033 | Zot:5    | Got the Orb of Zot
 72042 | Zot:5    | Killed an orb of fire
 72088 | Zot:2    | Noticed Luef the pandemonium lord
 72436 | D:11     | Noticed Polog the pandemonium lord
 72492 | D:9      | Noticed Arovemic the pandemonium lord
 72657 | D:1      | Noticed Umaten the pandemonium lord
 72669 | D:1      | Killed Umaten the pandemonium lord
 72712 | D:$      | Escaped with the Orb!

Illustrated notes

Levels and vault maps discovered:
D:1:      nzn_arrival_settlement, layout_basic
D:2:      minmay_razor_zed, layout_basic, hangedman_feature_mirror
D:3:      layout_basic, nicolae_dithmenos_through_a_glass_darkly,
          mainiacjoe_overflow_paths, gammafunk_ghost_grave, serial_shops,
          nicolae_shop_real_fake_doors, hangedman_feature_mirror
D:4:      layout_layer_cave, mainiacjoe_overflow_small_starburst
D:5:      layout_basic, serial_shops, shop, nicolae_shop_industrial_runoff,
          shop, shop, shop
D:6:      layout_cave_pools, nzn_hepliaklqana_mist_gate,
          minmay_temple_entry_statues_fountains, serial_undead, serial_undead_f,
          serial_undead_f, serial_undead_f, serial_undead_a, serial_undead_b,
          serial_undead_a, serial_undead_e, serial_undead_e, serial_shops,
          nicolae_shop_hallway_plus, uniq_blork_the_orc, uniq_pikel,
          uniq_duvessa
D:7:      layout_loops_corners, serial_shops, nicolae_shop_back_alley_shop
D:8:      layout_basic, gammafunk_ghost_hive
D:9:      layout_roguey, david_orc_3, enter_bailey_4, kennysheep_generic_room_2
D:10:     minmay_ornate_pinched, layout_stronghold, jmf_multi_god_temple,
          lair_entry_dummy, serial_column_ruins, column_ruins_open_tiny,
          column_ruins_open_tiny, column_ruins_open_medium, column_ruins_grid_1,
          column_ruins_columns_water, column_ruins_open_tiny,
          column_ruins_columns_straight, gammafunk_ghost_split, uniq_joseph
D:11:     layout_basic
D:12:     layout_roguey, serial_co_window_serial, co_window_cross_1,
          co_window_of_opportunity_a, co_window_corner_a, co_window_corner_a,
          co_window_paths_b, co_window_paths_a, co_window_paths_a,
          co_window_corner_cb, co_window_broadway_c, co_window_of_opportunity_c,
          co_window_broadway_a, co_window_2corner, co_window_4corner_b,
          co_window_paths_e, glass_columns_b, glass_columns_a, glass_columns_c,
          glass_columns_b, minmay_guarded_unrand_resistance, uniq_josephine,
          uniq_kirke, uniq_maurice
D:13:     layout_basic, hellmonk_guarded_unrand_vines, uniq_sonja
D:14:     layout_layer_cave, grunt_vaults_entry_fortified, nrook_mini_vaults
D:15:     hangedman_depths_entry_civil_slaughter, layout_cave_pods,
          ebering_ghost_gozag, minmay_misc_feat_ornament, serial_rivers,
          chequers_serial_rivers_small_b, chequers_serial_rivers_micro_d,
          chequers_serial_rivers_micro_a, chequers_serial_rivers_micro_a,
          chequers_serial_rivers_small_a, chequers_serial_rivers_room_b,
          serial_shops, nicolae_shop_peninsula, st_stairs_14, uniq_roxanne
Temple:   kb_temple_of_zot
Lair:1:   layout_gridlike, lemuel_fruit_fields, lemuel_fruit_fields
Lair:2:   layout_hall_layers, skrybe_swamp_entry_bodies,
          hellmonk_spider_entry_life_and_decay, uniq_maggie, uniq_gastronok
Lair:3:   layout_layer_cave, gammafunk_ghost_abyssal_escape,
          dreamdust_mushroom_princess, minivault_26, beast_lair_carwin_2
Lair:4:   layout_roguey [special_room_mythical_zoo], slime_entry_1,
          grunt_megastairs_3
Lair:5:   evilmike_catoblepas_cave, layout_cave_pods
Swamp:1:  layout_falls_marsh, hangedman_swamp_ruin_wall,
          infiniplex_staircase_pool_2
Swamp:2:  layout_basic_swamp, evilmike_swamp_ruin_rubble_1, swamp_pool2,
          infiniplex_staircase_pool
Swamp:3:  layout_basic_swamp, hangedman_swamp_ruin_hall, swamp_pool1,
          uniq_nikola
Swamp:4:  swamp_pestilence, layout_basic_swamp, swamp_pool2,
          beargit_elvish_explorers
Spider:1: layout_spider_delve, uniq_donald, uniq_aizul
Spider:2: layout_cave_pods, hellmonk_watch_for_rolling_rocks
Spider:3: layout_spider_delve, guppyfry_spider_mini_1, uniq_azrael
Spider:4: grunt_spider_rune_circles, uniq_louise, uniq_arachne
Slime:1:  layout_caves, nicolae_slime_getting_an_eyeful
Slime:2:  layout_caves
Slime:3:  layout_caves, nicolae_slime_welcoming_committee
Orc:1:    layout_diamond_mine, serial_shops, nicolae_shop_drivethru,
          uniq_nergalle
Orc:2:    grunt_orc_cross, layout_caves, basic_altar,
          portal_ice_cave_entry_imps, gauntlet_entry_generic,
          nicolae_specific_store, uniq_jorgrun
Elf:1:    minmay_elf_arrival_summoners, layout_geoelf_octagon, serial_shops,
          shop, orc_legates, hangedman_summoners_spam, grunt_megastairs_1
Elf:2:    nicolae_elf_blades_splatter_lattice [grunt_blade_entry_basic],
          layout_geoelf_grid
Elf:3:    elf_hall, layout_geoelf_octagon, ebering_ghost_reflecting_pool,
          abandoned_shop, nicolae_elf_stone_circles, minivault_11
Vaults:1: vaults_room_corners, nicolae_vaults_trapezoid_lopsided_1,
          nicolae_vaults_storage_room_glass, hangedman_vaults_snaps,
          nicolae_vaults_stand_back, vaults_room_fours,
          nicolae_vaults_border_crossing, vaults_room_grunt_arrival_ludios,
          vaults_room_fours, v_misc_23, v_misc_14, layout_vaults_quadrants,
          serial_shops, shop
Vaults:2: nicolae_vaults_stairing_the_circle, nicolae_vaults_double_plus_3,
          nicolae_vaults_house_1, nicolae_vaults_more_shelving_1,
          nicolae_vaults_closet_pinwheel_6, ontoclasm_vaults_eye,
          nicolae_vaults_variable_pillar_hall, nicolae_vaults_tangram_2,
          minmay_crypt_entry_simple_plaza, v_rooms_6,
          nicolae_vaults_little_squares_5, v_misc_27,
          nicolae_vaults_tetromino_T_1, nicolae_vaults_rhombus_6,
          layout_vaults_omnicross
Vaults:3: nicolae_vaults_lightning_bolt, nicolae_vaults_little_squares_4,
          hangedman_vaults_restitches,
          nicolae_vaults_variable_pillar_hall_cross, not_door_vault_due,
          nicolae_vaults_what_the_h, vaults_room_corners,
          nicolae_vaults_stepped_doors, nicolae_vaults_mini_display_case,
          layout_vaults_big_room, serial_shops, nicolae_shop_behind_doors
Vaults:4: lightli_enter_wizlab_magi_temple, v_misc_17, nicolae_vaults_prndl,
          v_misc_22, nicolae_vaults_shipping_containers_3, v_pattern_5,
          v_rooms_6, vaults_room_door_hall,
          vaults_standard_mumra_enter_the_diamond, nicolae_vaults_tetromino_Z_1,
          nicolae_vaults_trapezoid_lopsided_1, nicolae_vaults_theta,
          ontoclasm_vaults_twist, nicolae_vaults_house_1, layout_vaults_ring
Vaults:5
Crypt:1:  layout_basic, grunt_ministairs_5, grunt_crypt_arrival_webbed,
          uniq_grunn
Crypt:2:  layout_rooms, lemuel_elevator, grunt_megastairs_4
Crypt:3:  lightli_unholy_cathedral, layout_chaotic_city,
          tomb_entry_shell_bobbens
Tomb:1
Depths:1: layout_roguey, hell_entry, chequers_decorated_corner,
          nicolae_uskayaw_en_pointe, uniq_saint_roka
Depths:2: evilmike_makhleb_hellhole, layout_gridville, enter_ziggurat_f,
          grunt_hell_entry_dis_grunt, nicolae_water_bricks,
          grunt_pan_entry_spiral, grunt_qazlal_clouds
Depths:3: minmay_stepped, layout_gridville, grunt_gozag_breadcrumbs,
          pf_hell_entry_tar_spiral, nicolae_abyss_entry_one_way_or_another,
          kennysheep_small_spiral, minmay_shop_star, firewood_loft,
          infiniplex_staircase_pillars_2
Depths:4: grunt_zot_entry_pinwheel, layout_cross, hellmouth_3, abyss_entry,
          serial_column_ruins, column_ruins_square_small,
          column_ruins_open_large, column_ruins_open_tiny,
          column_ruins_corridor_straight, column_ruins_open_tiny,
          column_ruins_corridor_straight, column_ruins_grid_2, uniq_sojobo,
          uniq_xtahua
Hell
Zot:1:    layout_cellular_growth
Zot:2:    dreamdust_black_sun_cult, layout_misc_corridors
Zot:3:    layout_misc_corridors, gammafunk_ghost_arena, uniq_parghit
Zot:4:    layout_cathedral_of_symmetry, hangedman_hellfire_club
Zot:5:    layout_basic, st_stairs_7, grunt_ministairs_7

Skill      XL: |  1  2  3  4  5  6  7  8  9 10 11 12 13 14 15 16 17 18 19 20 21 22 23 24 25 26 27 |
---------------+----------------------------------------------------------------------------------+-----
Axes           | 4 5 6 7 8 10 12 15 18 19 20 21 | 21.0
Fighting       | 4 5 6 7 8 10 11 13 14 16 17 18 20 21 22 23 25 26 27 | 27.0
Dodging        | 3 5 6 8 12 14 15 16 17 18 19 21 24 26 | 26.6
Armour         | 3 4 5 7 9 10 11 12 16 17 19 20 21 22 23 | 23.8
Throwing       | 1 2 3 5 6 |  6.2
Stealth        | 1 2 3 4 5 6 7 9 11 13 14 | 14.3
Evocations     | 1 2 5 8 11 12 13 15 17 18 19 | 19.7
Shields        | 4 6 8 11 13 14 16 17 19 21 22 24 25 27 | 27.0

Action                     |  1- 3 |  4- 6 |  7- 9 | 10-12 | 13-15 | 16-18 | 19-21 | 22-24 | 25-27 || total
---------------------------+-------+-------+-------+-------+-------+-------+-------+-------+-------++-------
  Melee: Hand axe          |    83 |    99 |   234 |    39 |       |       |       |       |       ||   455
         Headbutt          |     8 |    19 |    35 |   106 |   275 |   336 |   494 |   581 |   514 ||  2368
         Trident           |       |     5 |       |       |       |       |       |       |       ||     5
         Broad axe         |       |       |       |   420 |   657 |       |       |       |       ||  1077
         Executioner's axe |       |       |       |       |    42 |       |       |       |       ||    42
         War axe           |       |       |       |       |   167 |   827 |  1119 |  1201 |  1097 ||  4411
  Throw: Boomerang         |       |       |       |    14 |       |       |       |       |       ||    14
         Dart              |       |       |       |       |       |    14 |       |       |       ||    14
         Javelin           |       |       |       |       |       |       |       |     2 |       ||     2
 Invoke: Berserk           |     1 |       |     3 |     2 |     4 |     1 |     3 |     5 |       ||    19
         Trog's Hand       |       |       |       |     1 |     3 |     2 |     7 |     4 |     7 ||    24
         Brothers in Arms  |       |       |       |       |       |       |     6 |     8 |     5 ||    19
Ability: Evoke Invisibilit |       |       |       |       |       |       |       |     1 |     1 ||     2
  Evoke: Wand              |       |       |       |       |       |       |     1 |     1 |     3 ||     5
         Tin of tremorston |       |       |       |       |       |       |       |       |     2 ||     2
    Use: Scroll            |       |       |       |     2 |    20 |     2 |     2 |     5 |     9 ||    40
         Potion            |       |       |       |       |     1 |     3 |     1 |     2 |     6 ||    13
   Stab: Sleeping          |     1 |       |       |       |     7 |     1 |     8 |    17 |     6 ||    40
         Petrifying        |       |       |       |       |     1 |       |       |       |       ||     1
         Petrified         |       |       |       |       |     1 |       |       |       |       ||     1
         Distracted        |       |       |       |       |       |     1 |     3 |     3 |     6 ||    13
         Invisible         |       |       |       |       |       |       |       |     1 |     6 ||     7
 Armour: Animal skin       |    17 |       |       |       |       |       |       |       |       ||    17
         Ring mail         |     2 |    38 |    26 |       |       |       |       |       |       ||    66
         Chain mail        |       |       |    71 |    17 |       |       |       |       |       ||    88
         Plate armour      |       |       |       |    56 |    58 |       |       |       |       ||   114
         Quicksilver drago |       |       |       |    53 |   108 |   151 |    90 |   120 |    57 ||   579
         Gold dragon scale |       |       |       |       |       |       |       |       |   142 ||   142
  Dodge: Dodged            |    71 |    71 |   131 |   142 |   247 |   458 |   407 |   517 |   702 ||  2746
  Block: Other             |       |     8 |    51 |       |    16 |       |       |       |       ||    75
         Buckler           |       |       |    27 |   127 |       |       |       |       |       ||   154
         Reflection        |       |       |     1 |    28 |    39 |    19 |    44 |   117 |    19 ||   267
         Kite shield       |       |       |       |   103 |   419 |   857 |   897 |  1014 |  1053 ||  4343
         Tower shield      |       |       |       |       |   142 |       |       |       |       ||   142
Riposte: Broad axe         |       |       |       |       |    50 |       |       |       |       ||    50
         War axe           |       |       |       |       |    37 |   342 |   331 |   378 |   374 ||  1462
         Executioner's axe |       |       |       |       |     5 |       |       |       |       ||     5
